 Dungeon Crawl Stone Soup version 0.27.1 (webtiles) character file.

Game seed: 16540158334457193921

785 DoubleLucky the Fighter (level 7, -3/68 HPs)
             Began as a Minotaur Berserker on Sept 3, 2021.
             Was a Priest of Trog.
             Slain by an iguana (5 damage)
             ... on level 4 of the Dungeon.
             The game lasted 00:17:26 (4211 turns).

DoubleLucky the Fighter (Minotaur Berserker)        Turns: 4211, Time: 00:17:27

Health: -3/68      AC:  9    Str: 24    XL:     7   Next: 56%
Magic:  0/6        EV:  8    Int:  4    God:    Trog [***...]
Gold:   334        SH:  0    Dex:  9    Spells: 6/6 levels left

rFire    . . .     SeeInvis +   a - +0 hand axe
rCold    . . .     Faith    .   (no shield)
rNeg     . . .     Spirit   +   k - +0 chain mail
rPois    .         Reflect  .   (helmet restricted)
rElec    .         Harm     .   c - +0 cloak
rCorr    .         Rampage  .   (no gloves)
Will     .....                  (no boots)
Stlth    ..........             e - amulet of guardian spirit
HPRegen  0.21/turn              g - ring of see invisible
MPRegen  0.10/turn              (no ring)

@: about to teleport, on berserk cooldown, slowed, very slow
A: horns 2, retaliatory headbutt
a: Renounce Religion, Berserk, Trog's Hand


You were on level 4 of the Dungeon.
You worshipped Trog.
Trog was most pleased with you.
You visited 1 branch of the dungeon, and saw 5 of its levels.

You collected 334 gold pieces.

Inventory:

Hand Weapons
 a - a +0 hand axe (weapon)
Missiles
 f - 54 stones (quivered)
Armour
 b - a +0 animal skin
 c - a +0 cloak (worn)
 k - a +0 chain mail (worn)
Jewellery
 e - an amulet of guardian spirit (around neck)
 g - a ring of see invisible (left hand)
Scrolls
 d - a scroll of enchant armour {unknown}
 i - a scroll of noise {unknown}
 l - 2 scrolls of enchant weapon
 n - a scroll of immolation {unknown}
 q - a scroll of brand weapon
Potions
 j - a potion of ambrosia
 m - 2 potions of curing
 o - a potion of heal wounds
 p - a potion of attraction {unknown}


   Skills:
 + Level 8.1 Fighting
 + Level 8.0 Axes
 - Level 2.4 Armour
 - Level 2.1 Dodging


You had 6 spell levels left.
You didn't know any spells.
Your spell library was empty.

Dungeon Overview and Level Annotations

Branches:
Dungeon (5/15)
 Temple: D:4-7

Altars:
Gozag
Sif Muna
Xom

Annotations:
D:4 exclusion: downstairs
D:5 Menkaure


Innate Abilities, Weirdness & Mutations

You have a pair of horns on your head.
You reflexively headbutt those who attack you in melee.


Message History

The orc wizard shouts!
You hit the iguana but do no damage. Your headbutt misses the iguana.
The iguana is heavily wounded.
The iguana barely misses you.
An orc comes into view. It is wielding a +0 short sword.
Menkaure calls on the powers of darkness!
The orc convulses!
The orc wizard convulses!
Your body is wracked with pain!
The iguana bites you but does no damage.
You closely miss the iguana. Your headbutt misses the iguana.
The iguana is heavily wounded.
A bullfrog zombie comes into view.
The orc wizard points at you and mumbles some strange words.
The puff of flame hits you!
* * * LOW HITPOINT WARNING * * *
The iguana closely misses you. You furiously retaliate!
You headbutt the iguana.
The orc wizard mumbles some strange words.
The orc wizard flickers and vanishes for a moment.
The iguana bites you but does no damage.
There is a stone staircase leading up, spattered with blood here.
The orc hits you with a +0 short sword.
* * * LOW HITPOINT WARNING * * *
The orc wizard hits you with a +0 dagger.
* * * LOW HITPOINT WARNING * * *
The iguana bites you but does no damage.
Menkaure calls on the powers of darkness!
The orc convulses!
The orc wizard convulses!
Your body is wracked with pain!
* * * LOW HITPOINT WARNING * * *
The orc barely misses you.
You climb upwards.
Level annotation: exclusion: downstairs
There is a stone staircase leading down here.
As you read the scroll of teleportation, it crumbles to dust.
You feel strangely unstable.
The orc wizard hits you but does no damage.
The iguana bites you!
* * * LOW HITPOINT WARNING * * *
The orc closely misses you. The orc wizard closely misses you.
The iguana bites you.
You die...

#########...............# #....#
#......#############....# #....#
#.......................####....#
#.....##############.............
###'### #.............###########
......# #.############# ......#
#.##.....# ......# #......oo#
......# ####...l@# ......#
####### #######


You could see an iguana, an orc wizard (invisible) and an orc.

Vanquished Creatures
  Sigmund (D:3)
  A black bear (D:5)
  An ogre (D:4)
  A phantom (D:4)
  A howler monkey (D:4)
  2 hounds
  A centaur skeleton (D:4)
  An iguana (D:4)
  An orc wizard (D:5)
  A hound skeleton (D:4)
  8 gnolls
  3 adders (D:4)
  An adder skeleton (D:4)
  2 worms
  2 dart slugs
  4 orcs
  14 bats
  6 endoplasms
  A giant cockroach (D:1)
  5 goblins
  9 hobgoblins
  4 jackals (D:3)
  4 quokkas (D:4)
  5 ball pythons
  2 frilled lizards
  4 kobolds
  5 rats
90 creatures vanquished.

Notes
Turn   | Place    | Note
-------+----------+-------------------------------------------
     0 | D:1      | DoubleLucky the Minotaur Berserker began the quest for the
                  | Orb.
     0 | D:1      | Reached XP level 1. HP: 19/19 MP: 0/0
   284 | D:1      | Reached XP level 2. HP: 27/27 MP: 1/1
  1045 | D:2      | Found a shimmering blue altar of Sif Muna.
  1092 | D:2      | Reached XP level 3. HP: 34/34 MP: 2/2
  1198 | D:2      | Reached XP level 4. HP: 41/41 MP: 3/3
  1207 | D:2      | Reached ** piety under Trog
  1208 | D:2      | Reached skill level 5 in Fighting
  1264 | D:2      | Reached skill level 5 in Axes
  1404 | D:2      | Found a faded altar of an unknown god.
  2383 | D:3      | Reached XP level 5. HP: 42/48 MP: 4/4
  2446 | D:3      | Found a shimmering altar of Xom.
  2572 | D:3      | Noticed Sigmund
  2581 | D:3      | Killed Sigmund
  2582 | D:3      | Reached XP level 6. HP: 58/58 MP: 5/5
  3203 | D:4      | Reached *** piety under Trog
  3275 | D:4      | Found an opulent altar of Gozag.
  3329 | D:4      | Reached XP level 7. HP: 59/66 MP: 6/6
  4041 | D:5      | Entered Level 5 of the Dungeon
  4041 | D:5      | Noticed Menkaure
  4211 | D:4      | HP: 2/68 [iguana (10)]
  4211 | D:4      | Slain by an iguana

Illustrated notes

Levels and vault maps discovered:
D:1:      erik_arrival_triangle_large, layout_basic
D:2:      layout_rooms, hellmonk_ecumenical_altar_inner_sanctum, basic_altar
D:3:      layout_loops_ring, nicolae_overflow_crystal_walls, corner_web_ring,
          uniq_sigmund
D:4:      layout_gridville, nicolae_gozag_seed_capital, serial_co_window_serial,
          co_window_cross_1, co_window_paths_a, co_window_corner_a,
          co_window_of_opportunity_a, co_window_paths_a, co_window_paths_c,
          co_window_broadway_c, co_window_unsneaky_path_a,
          co_window_unsneaky_path_b, co_window_unsneaky_path_d,
          co_window_unsneaky_path_c, kennysheep_potato
D:5:      layout_loops_ring, nicolae_elyvilon_peaceful_grove,
          minmay_temple_entry_glass, uniq_menkaure

Skill      XL: |  1  2  3  4  5  6  7 |
---------------+----------------------+-----
Fighting       | 4 5 6 7 8 |  8.1
Axes           | 4 5 6 7 8 |  8.0
Armour         | |  2.4
Dodging        | |  2.1

Action                   |  1- 3 |  4- 6 |  7- 9 || total
-------------------------+-------+-------+-------++-------
Melee: Hand axe          |    61 |   127 |    51 ||   239
       Headbutt          |     9 |    18 |     7 ||    34
Throw: Stone             |     6 |    20 |     7 ||    33
Invok: Berserk           |     1 |     3 |     1 ||     5
       Trog's Hand       |       |     1 |       ||     1
  Use: Scroll            |       |     5 |     3 ||     8
Armor: Animal skin       |    15 |       |       ||    15
       Chain mail        |     1 |    61 |    29 ||    91
Dodge: Dodged            |    42 |    58 |    35 ||   135
